 Dungeon Crawl Stone Soup version 0.23-a0-79-gaa8cc03 (webtiles) character file.

376 Amnesiac the Gusty (level 6, -2/41 HPs)
             Began as a Mummy Air Elementalist on Aug 11, 2018.
             Shot with an arrow by a centaur (16 damage)
             ... on level 4 of the Dungeon.
             The game lasted 00:05:43 (1343 turns).

Amnesiac the Gusty (Mummy Air Elementalist)         Turns: 1343, Time: 00:05:43

Health: -2/41      AC:  2    Str: 11    XL:     6   Next: 44%
Magic:  12/13      EV: 12    Int: 16    God:
Gold:   69         SH:  0    Dex: 13    Spells: 10/15 levels left

rFire    x . .     SeeInvis .   a - +0 long sword
rCold    + . .     Gourm    .   (no shield)
rNeg     + + +     Faith    .   g - +0 robe
rPois    ∞         Spirit   .   (no helmet)
rElec    .         Reflect  .   (no cloak)
rCorr    .         Harm     .   (no gloves)
MR       .....                  (no boots)
Stlth    ++........             (no amulet)
HPRegen  0.13/turn              (no ring)
MPRegen  0.13/turn              (no ring)

@: no status effects
A: no food or potions, fire vulnerability, cold resistance 1, negative energy
resistance 3, torment resistance, unbreathing
a: no special abilities


You were on level 4 of the Dungeon.
You were not hungry.

You visited 1 branch of the dungeon, and saw 5 of its levels.

You collected 69 gold pieces.

Inventory:

Hand Weapons
 a - a +0 long sword (weapon)
Missiles
 c - 28 stones (quivered)
Armour
 g - a +0 robe (worn)
Wands
 b - a wand of iceblast (2)
 f - a wand of disintegration (6)
Scrolls
 e - a scroll of remove curse {!r}


   Skills:
 - Level 1.5 Dodging
 - Level 1.5 Stealth
 + Level 5.2 Spellcasting
 - Level 0.7 Conjurations
 * Level 5.2 Air Magic


You had 10 spell levels left.
You knew the following spells:

 Your Spells              Type           Power        Failure   Level  Hunger
a - Shock                 Conj/Air       ##..         4%          1    N/A
d - Airstrike             Air            ###.......   17%         4    N/A

Your spell library contained the following spells:

 Spells                   Type           Power        Failure   Level  Hunger
 Lightning Bolt           Conj/Air       ##........   77%         5    N/A
 Swiftness                Chrm/Air       ##......     8%          2    N/A
 Spider Form              Tmut/Pois      #.........   41%         3    N/A
 Blade Hands              Tmut           #.........   99%         5    N/A
 Ice Form                 Ice/Tmut       #.......     83%         4    N/A
 Sticks to Snakes         Tmut           #.......     22%         2    N/A
 Static Discharge         Conj/Air       ##......     13%         3    N/A
 Beastly Appendage        Tmut           #.....       16%         1    N/A

Dungeon Overview and Level Annotations

Branches:
Dungeon (5/15)
 Temple: D:4-7

Altars:
Qazlal
Vehumet

Annotations:
D:4 exclusion: statue


Innate Abilities, Weirdness & Mutations

You do not eat or drink.
Your flesh is vulnerable to fire.
You are immune to poison.
Your flesh is cold resistant. (rC+)
You are immune to negative energy. (rN+++)
You are immune to unholy pain and torment.
You can survive without breathing.


Message History

You start resting.
HP restored.
Things that are here:
a hand axe; a leather armour; an orc corpse
There is an open door here.
Magic restored.
The quokka is too close now for your liking.
There are monsters nearby!
There are monsters nearby!
There are monsters nearby!
Okay, then.
Casting: Shock (safe; 4% risk of failure)
Confirm with . or Enter, or press ? or * to list all spells.
Okay, then.
Okay, then.
The orc shouts!
The quokka bites you but does no damage.
The centaur shouts!
You hear a shout!
The orc barely misses you.
You riposte.
You hit the orc.
The orc is heavily wounded.
The quokka bites you.
The centaur wields a shortbow.
The centaur shoots an arrow.
The arrow misses you.
You see here an arrow.
Casting: Shock (safe; 4% risk of failure)
Confirm with . or Enter, or press ? or * to list all spells.
Aiming: Shock (safe; 4% risk of failure)
Press: ? - help, Shift-Dir - straight line The zap hits the orc.
The orc is heavily wounded.
The zap hits the orc.
The orc appears unharmed.
The orc is heavily wounded.
The orc closely misses you.
You riposte.
You barely miss the orc.
The orc is heavily wounded.
An orc comes into view. It is wielding a falchion.
The quokka closely misses you.
You riposte.
You hit the quokka.
The quokka is severely wounded.
Unknown command.
Casting: Shock (safe; 4% risk of failure)
Confirm with . or Enter, or press ? or * to list all spells.
Aiming: Shock (safe; 4% risk of failure)
Press: ? - help, Shift-Dir - straight line The zap hits the orc.
The orc appears unharmed.
The orc is heavily wounded.
The zap hits the orc.
You kill the orc!
The quokka bites you but does no damage.
Unknown command.
The centaur shoots an arrow.
The arrow misses you.
The centaur shoots an arrow.
The arrow barely misses you.
The centaur shoots an arrow.
The arrow hits you! The quokka bites you.
* * * LOW HITPOINT WARNING * * *
You see here an arrow.
You see here 2 arrows.
The centaur shoots an arrow.
The arrow closely misses you.
There is an open door here.
Items here: ( ) [ † an arrow; a hand axe; a leather armour; an orc corpse The quokka misses you.
The centaur shoots an arrow.
The arrow hits you!
* * * LOW HITPOINT WARNING * * *
You see here an arrow.
The centaur shoots an arrow.
The arrow hits you!
You die...

#..............# #...co###'#
#.%............# ##()..+...#
#..............+ #..c.#...#
#..............# ##(...#...#
#..............# #(....#...#
#.....###.#############c#####...#
#.....#§...≈#.........(..#.......
#.....#.....#.)..........#.......
#........_......@(r......#.......
#..)..#..÷).#............#.......
'.....#§....#...##....####.##...#
#.....###.###...##########.##...#
#........'######## ...........).#
#....>....)......# ..............
########.........# ..............
#......'...).....########..##...#
#......#...)..........<.#..##...#


You could see a centaur and a quokka.

Vanquished Creatures
  Grinder (D:4)
  A howler monkey (D:4)
  An orc priest (D:4)
  Natasha (twice) (D:4)
  2 adders
  An ooze (D:4)
  2 worms
  2 leopard geckos
  10 orcs
  A ball python (D:3)
  A giant cockroach (D:4)
  3 goblins
  3 hobgoblins
  2 kobolds (D:1)
  A rat (D:1)
33 creatures vanquished.

Notes
Turn   | Place    | Note
-------+----------+-------------------------------------------
     0 | D:1      | Amnesiac the Mummy Air Elementalist began the quest for the Orb.
     0 | D:1      | Reached XP level 1. HP: 13/13 MP: 4/4
   219 | D:2      | Reached XP level 2. HP: 14/19 MP: 3/5
   695 | D:3      | Reached XP level 3. HP: 23/24 MP: 5/7
   810 | D:4      | Noticed a centaur
   862 | D:4      | Found a stormy altar of Qazlal.
   871 | D:5      | Entered Level 5 of the Dungeon
   909 | D:4      | Found a radiant altar of Vehumet.
   909 | D:4      | Noticed a frost-covered statue
   931 | D:4      | Reached XP level 4. HP: 28/30 MP: 3/9
   946 | D:4      | Learned a level 4 spell: Airstrike
  1124 | D:4      | Noticed Natasha
  1137 | D:4      | Killed Natasha
  1137 | D:4      | Reached XP level 5. HP: 15/35 MP: 0/11
  1164 | D:4      | Noticed Grinder
  1171 | D:4      | Killed Grinder
  1171 | D:4      | Reached skill level 5 in Spellcasting
  1171 | D:4      | Reached skill level 5 in Air Magic
  1171 | D:4      | Reached XP level 6. HP: 22/41 MP: 4/13
  1174 | D:4      | Noticed Natasha
  1185 | D:4      | Killed Natasha
  1343 | D:4      | Shot with an arrow by a centaur

Vault maps used:
D:1:      minmay_arrival_checkered_box
D:3:      elyvilon_altar_3, first_ration, grunt_ministairs_6,
          lightli_corner_chamber, uniq_robin
D:4:      okawaru_altar_gauntlet_db, vehumet_statue, grunt_qazlal_clouds,
          tgw_trog, uniq_natasha, uniq_grinder
D:5:      nicolae_overflow_hidden_temple, marbit_many_paths,
          nicolae_overflow_crystal_walls, minmay_temple_entry_junction_2,
          serial_shops, kennysheep_little_box, shop, minivault_19,
          uniq_blork_the_orc

Skill      XL: |  1  2  3  4  5 |
---------------+----------------+-----
Spellcasting   | 3 4 5 |  5.2
Air Magic      | 3 4 5 |  5.2
Dodging        | |  1.5
Stealth        | |  1.5
Conjurations   | |  0.7

Action                   |  1- 3 |  4- 6 || total
-------------------------+-------+-------++-------
Melee: Short sword       |     6 |       ||     6
       Long sword        |     6 |     1 ||     7
 Cast: Shock             |    41 |    29 ||    70
Evoke: Wand              |       |     6 ||     6
  Use: Scroll            |     1 |       ||     1
Armor: Robe              |     2 |     3 ||     5
Dodge: Dodged            |    14 |    19 ||    33
       Rpst.: Long sword |       |     8 ||     8

Table legend:
 A = Non-vault XP
 B = Vault XP
 C = Vault XP percentage of total XP
 D = Non-vault monster count
 E = Vault monster count
 F = Vault count percentage of total count
 G = Total turns spent on level
                 A         B        C        D         E       F
            +---------+---------+-------+---------+---------+-------
      Total |     221 |     317 |  58.9 |      29 |       4 |  12.1
            +---------+---------+-------+---------+---------+-------
        D:1 |       7 |       0 |   0.0 |       4 |       0 |   0.0
        D:2 |      28 |       0 |   0.0 |       7 |       0 |   0.0
        D:3 |       7 |       5 |  41.7 |       3 |       2 |  40.0
        D:4 |     179 |     312 |  63.5 |      15 |       2 |  11.8
            +---------+---------+-------+---------+---------+-------
